 Dungeon Crawl Stone Soup version 0.17.1-1-g73c8601 (webtiles) character file.

323 Implojin the Ruffian (level 6, -20/59 HPs)
             Began as a Troll Fighter on Apr 3, 2016.
             Demolished by an orc warrior
             ... wielding a +0 glaive
              (24 damage)
             ... on level 7 of the Dungeon.
             The game lasted 00:03:15 (747 turns).

Implojin the Ruffian (Troll Fighter)                 Turns: 747, Time: 00:03:15

Health: -20/59     AC:  7    Str: 25    XL:     6   Next: 23%
Magic:  5/5        EV:  8    Int:  4    God:
Gold:   23         SH:  9    Dex: 11    Spells: 0 memorised, 5 levels left

rFire  . . .     SeeInvis .       - Unarmed
rCold  . . .     Clarity  .     a - +0 robe
rNeg   . . .     SustAt   .     b - +0 shield
rPois  .         Gourm    +     (helmet restricted)
rElec  .         Spirit   .     h - +1 cloak
rCorr  .         Warding  .     (gloves unavailable)
rMut   .         Stasis   .     (boots unavailable)
MR     .....                    (no amulet)
Stlth  +.........               (no ring)
                                (no ring)

@: not resistant to hostile enchantments, very unstealthy
A: unfitting armour, claws 3, fast metabolism 3, gourmand, regeneration 2,
shaggy fur 1, tough skin 2
a: no special abilities


You were on level 7 of the Dungeon.
You were not hungry.

You visited 1 branch of the dungeon, and saw 7 of its levels.

You collected 23 gold pieces.

Inventory:

Armour
 a - a +0 robe (worn)
 b - a +0 shield (worn)
 h - a +1 cloak (worn)
Jewellery
 s - an uncursed amulet of rage {unknown}
Scrolls
 i - 3 scrolls of identify {unknown}
 k - a scroll of fear {unknown}
 m - a scroll of noise {unknown}
 n - a scroll of blinking {unknown}
 o - a scroll of teleportation {unknown}
 p - a scroll of random uselessness {unknown}
 q - a scroll of remove curse {unknown}
 r - a scroll of immolation {unknown}
 t - a scroll of fog {unknown}
Potions
 c - a potion of might
 e - a potion of lignification {unknown}
 j - a potion of curing {unknown}
 l - a potion of brilliance {unknown}
Comestibles
 d - 4 bread rations
 f - 3 fruits
 g - a beef jerky


   Skills:
 - Level 2.4 Fighting
 - Level 2.4 Dodging
 - Level 2.4 Shields
 * Level 6.6 Unarmed Combat


You had 5 spell levels left.
You didn't know any spells.

Dungeon Overview and Level Annotations

Branches:
Dungeon (7/15)
 Temple: D:4-7

Altars:


Innate Abilities, Weirdness & Mutations

You are too large for most types of armour.
You have claws for hands.
Your metabolism is lightning-fast.
You like to eat raw meat.
You heal very quickly.
You are covered in fur (AC +1).
You have very tough skin (AC +2).


Message History

The worker ant barely misses you.
You scratch the worker ant.
The worker ant is severely wounded.
You block the orc warrior's attack. The worker ant bites you.
You claw the worker ant!
You kill the worker ant!
You claw the orc!
You kill the orc!
You block the orc warrior's attack.
Things that are here:
an orc corpse; a worker ant corpse You closely miss the orc warrior.
You block the orc warrior's attack.
You closely miss the orc warrior. The orc warrior hits you with a glaive!
You barely miss the orc warrior. The orc warrior hits you with a glaive!
* * * LOW HITPOINT WARNING * * *
You scratch the orc warrior.
The orc warrior is moderately wounded.
You claw the orc warrior!
The orc warrior is severely wounded.
The orc warrior hits you with a glaive.
* * * LOW HITPOINT WARNING * * *
You barely miss the orc warrior.
The orc warrior is severely wounded.
The orc warrior barely misses you.
You scratch the orc warrior.
The orc warrior is severely wounded.
You scratch the orc warrior but do no damage.
The orc warrior is severely wounded.
The orc warrior hits you with a glaive!
* * * LOW HITPOINT WARNING * * *
You scratch the orc warrior.
The orc warrior is almost dead.
The orc warrior hits you with a glaive!!
* * * LOW HITPOINT WARNING * * *
You closely miss the orc warrior.
The orc warrior is almost dead.
You scratch the orc warrior but do no damage.
The orc warrior is almost dead.
The orc warrior hits you with a glaive!!
You die...

### ..## ...##
# # ##.... # .
#.## ..... .# #
.....#..#.## .#
#
#.......#..#..#
.####.o##.#..#
#
#......oo@....#
#
##########.####
# #.# # #######
#.# # #.....#
####.### #
#.....#
#......# #
#....(#
#.##.#.#
####.....#
##.##.#.#
.........#
#.....#.#


You could see an orc warrior, an orc priest and an orc.

Vanquished Creatures
  A sky beast (D:5)
  A phantom (D:7)
  A jelly (D:6)
  A giant frog skeleton (D:4)
  2 worker ants
  2 adders
  A giant gecko (D:7)
  An orc (D:7)
  3 bats
  2 goblins
  A hobgoblin (D:1)
  7 jackals
  A quokka (D:4)
  3 kobolds
  A rat (D:2)
28 creatures vanquished.

Notes
Turn   | Place    | Note
--------------------------------------------------------------
     0 | D:1      | Implojin the Troll Fighter began the quest for the Orb.
     0 | D:1      | Reached XP level 1. HP: 22/22 MP: 0/0
   132 | D:1      | Reached XP level 2. HP: 29/29 MP: 1/1
   189 | D:2      | Reached skill level 3 in Unarmed Combat
   382 | D:2      | Reached XP level 3. HP: 36/36 MP: 2/2
   509 | D:4      | Reached skill level 4 in Unarmed Combat
   509 | D:4      | Reached XP level 4. HP: 41/44 MP: 3/3
   513 | D:5      | Entered Level 5 of the Dungeon
   524 | D:5      | Noticed a sky beast
   537 | D:5      | Killed a sky beast
   537 | D:5      | Reached skill level 5 in Unarmed Combat
   537 | D:5      | Reached XP level 5. HP: 17/50 MP: 4/4
   614 | D:6      | Noticed a phantom
   616 | D:5      | Noticed a phantom
   679 | D:7      | Noticed a phantom
   707 | D:7      | Killed a phantom
   707 | D:7      | Reached skill level 6 in Unarmed Combat
   707 | D:7      | Reached XP level 6. HP: 47/59 MP: 5/5
   724 | D:7      | Noticed an orc warrior
   747 | D:7      | Demolished by an orc warrior

Action                   |  1- 3 |  4- 6 || total
-------------------------+-------+-------++-------
Melee: Unarmed           |    66 |    71 ||   137
  Eat: Chunk             |     1 |     3 ||     4

Table legend:
 A = Turns spent in this place as a percentage of turns spent in the entire game.
 B = Non-inter-level travel turns spent in this place as a percentage of non-inter-level travel turns spent in the entire game.
 C = Inter-level travel turns spent in this place as a percentage of turns spent in this place.
 D = Turns resting spent in this place as a percentage of non-inter-level travel turns spent in this place.
 E = Turns spent auto-exploring this place as a percentage of non-inter-level travel turns spent in this place.
 F = Non-inter-level travel turns spent in this place divided by the number of levels of this place that you've seen.
                   A       B       C       D       E      F
               +-------+-------+-------+-------+-------+----------------------
         Total | 100.0 | 100.0 |   0.0 |   0.0 |   0.0 | 100.4
       Dungeon | 100.0 | 100.0 |   0.0 |   0.0 |   0.0 | 100.4
               +-------+-------+-------+-------+-------+----------------------

Table legend:
 A = Kills in this place as a percentage of kills in entire the game.
 B = Kills by you in this place as a percentage of kills by you in the entire game.
 C = Kills by friends in this place as a percentage of kills by friends in the entire game.
 D = Other kills in this place as a percentage of other kills in the entire game.
 E = Experience gained in this place as a percentage of experience gained in the entire game.
 F = Experience gained in this place divided by the number of levels of this place that you have seen.
                   A       B       C       D       E      F
               +-------+-------+-------+-------+-------+----------------------
         Total | 100.0 | 100.0 |  -nan |  -nan | 100.0 |  66.0
       Dungeon | 100.0 | 100.0 |  -nan |  -nan | 100.0 |  66.0
               +-------+-------+-------+-------+-------+----------------------
